 Dungeon Crawl Stone Soup version 0.18-a0-1773-gec4f98e (webtiles) character file.

1771 Moloch the Arsonist (level 8, -11/40 (41) HPs)
             Began as a Deep Elf Fire Elementalist on Apr 14, 2016.
             Was an Initiate of Vehumet.
             Killed from afar by Satanail's ghost (22 damage)
             ... with a bolt of negative energy
             ... on level 6 of the Dungeon.
             The game lasted 00:22:47 (5288 turns).

Moloch the Arsonist (Deep Elf Fire Elementalist)    Turns: 5288, Time: 00:22:47

HP:   -11/40 (41)   AC:  6    Str:  5    XL:     8   Next: 80%
MP:   4/36          EV: 12    Int: 28    God:    Vehumet [......]
Gold: 274           SH:  0    Dex: 15    Spells: 5 memorised, 6 levels left

rFire  . . .     SeeInvis .     n - staff of power
rCold  . . .     Gourm    .     a - +0 robe
rNeg   . . .     Faith    .     (no shield)
rPois  +         Spirit   .     s - +2 helmet
rElec  .         Dismiss  .     e - +0 cloak
rCorr  .         Reflect  .     (no gloves)
SustAt .         Harm     .     (no boots)
MR     .....                    (no amulet)
Stlth  ++........               x - ring of poison resistance
                                g - +5 ring of intelligence

@: about to teleport, heavily drained, not resistant to hostile enchantments,
unstealthy
A: no striking features
a: Renounce Religion


You were on level 6 of the Dungeon.
You worshipped Vehumet.
Vehumet was noncommittal.
You were not hungry.

You visited 2 branches of the dungeon, and saw 7 of its levels.

You collected 274 gold pieces.

Inventory:

Hand Weapons
 k - a +0 hunting sling
 E - a +5 scimitar of holy wrath
Missiles
 f - 68 sling bullets
 m - 100 stones (quivered)
Armour
 a - a +0 robe (worn)
 e - a +0 cloak (worn)
 s - a +2 helmet (worn)
Magical Staves
 n - an uncursed staff of power (weapon)
Jewellery
 g - a +5 ring of intelligence (left hand)
 o - an uncursed ring of sustain attributes
 x - a ring of poison resistance (right hand)
Wands
 v - a wand of slowing (18/48)
 y - a wand of iceblast (7/15)
 B - a wand of teleportation (6/9)
Scrolls
 d - 2 scrolls of identify
 r - a scroll of remove curse
Potions
 l - a potion of mutation
 t - a potion of might
 u - 2 potions of curing
 w - 2 potions of cancellation
 C - a potion of flight
 I - a potion of brilliance {unknown}
Books
 b - a book of Flames

   Spells                             Type                      Level
   a - Flame Tongue                   Conjuration/Fire             1
   b - Throw Flame                    Conjuration/Fire             2
   c - Conjure Flame                  Conjuration/Fire             3
   d - Inner Flame                    Hexes/Fire                   3
   e - Sticky Flame                   Conjuration/Fire             4
   f - Fireball                       Conjuration/Fire             5
Comestibles
 c - 5 bread rations
 p - 7 meat rations
 H - 2 fruits


   Skills:
 - Level 2.4(1.3) Dodging
 - Level 2.4(1.3) Stealth
 + Level 7.8(6.5) Spellcasting
 * Level 7.2(5.9) Conjurations
 * Level 2.1(1.0) Hexes
 * Level 8.6(7.2) Fire Magic


You had 6 spell levels left.
You knew the following spells:

 Your Spells              Type           Power        Failure   Level  Hunger
a - Flame Tongue          Conj/Fire      #####        1%          1    None
b - Conjure Flame         Conj/Fire      #####...     1%          3    None
c - Sticky Flame          Conj/Fire      #####...     4%          4    ###....
d - Fireball              Conj/Fire      #####.....   12%         5    #####..
e - Confuse               Hex            ##......     12%         3    None


Dungeon Overview and Level Annotations

Branches:
Dungeon (6/15)             Temple (1/1) D:6

Altars:
Ashenzari
Cheibriados
Elyvilon
Fedhas
Gozag
Kikubaaqudgha
Nemelex Xobeh
Okawaru
Pakellas
Qazlal
Ru
Sif Muna
Trog
Vehumet
Xom
Yredelemnul
Zin
The Shining One

Annotations:
D:6 1 runed door, Satanail's ghost, novice DrFi


Message History

Ouch! That really hurt!
* * * LOW HITPOINT WARNING * * *
Drink which item? (? for menu, Esc to quit)
Okay, then.
Read which item? (? for menu, Esc to quit)
Okay, then.
Evoke which item? (* to show all) (? for menu, Esc to quit)
Zapping:
B - a wand of teleportation (8/9)
Press: ? - help, Shift-Dir - straight line, f - you You feel strangely unstable.
This wand has 7 charges left.
Found a plate armour.
Your surroundings seem slightly different.
Evoke which item? (* to show all) (? for menu, Esc to quit)
Zapping:
B - a wand of teleportation (7/9)
Press: ? - help, Shift-Dir - straight line, f - you You feel strangely unstable.
This wand has 6 charges left.
Satanail's ghost breathes negative energy at you.
The bolt of negative energy hits you!
You feel drained.
Ouch! That really hurt!
You die...

........
#.####.###.#.#.####.##
.........# #.# #.#.#.#
#### ........W#
#.###.#.#.# #### >..
.#.# #.......W.# #..!
... .#.# #.....#.###
#._. #.##.#.###
#######.# ####...
#......... #.# #..####
#.#.##.#
#.[#########.# #......
##......#
#....@...W...# #...#+#
##....#.$#
##.########### #...#p#
.........# #...###
##....#)## #......
##.....# ###.###
#.#.### #..# #.?.#
#.## #.### #.# #.##
###.####


You could see Satanail's ghost.

Vanquished Creatures
  A two-headed ogre (D:4)
  Sigmund (D:2)
  Duvessa (D:4)
  A necrophage (D:6)
  2 ogres (D:5)
  A centaur (D:5)
  Blork the orc (D:4)
  A giant frog (D:6)
  Dowan (D:4)
  4 crimson imps
  4 hounds
  A centaur zombie (D:5)
  A giant frog zombie (D:5)
  A jelly (D:5)
  An orc wizard (D:5)
  An iguana (D:4)
  Natasha (twice) (D:4)
  Terence (D:1)
  4 worker ants
  Robin (D:2)
  6 gnolls (D:3)
  5 adders
  A shadow imp (D:4)
  An ooze (D:2)
  An adder skeleton (D:4)
  A dart slug (D:1)
  2 giant geckos (D:2)
  11 orcs
  3 ball pythons
  2 giant cockroaches
  14 goblins
  7 hobgoblins
  10 quokkas
  12 bats
  7 giant newts
  A goblin zombie (D:6)
  9 kobolds
  A kobold zombie (D:6)
  A quokka zombie (D:5)
  4 rats
  A plant (D:3)
131 creatures vanquished.

Vanquished Creatures (others)
  A dart slug (D:5)
1 creature vanquished.

Grand Total: 132 creatures vanquished

Notes
Turn   | Place    | Note
--------------------------------------------------------------
     0 | D:1      | Moloch the Deep Elf Fire Elementalist began the quest for the Orb.
     0 | D:1      | Reached XP level 1. HP: 10/10 MP: 6/6
   145 | D:1      | Reached XP level 2. HP: 15/15 MP: 6/8
   653 | D:1      | Reached skill level 4 in Fire Magic
  1082 | D:2      | Noticed Robin
  1114 | D:2      | Reached XP level 3. HP: 19/19 MP: 5/9
  1211 | D:2      | Learned a level 3 spell: Conjure Flame
  1323 | D:2      | Killed Robin
  1403 | D:2      | Noticed Sigmund
  1525 | D:2      | Noticed Terence
  1616 | D:1      | Killed Terence
  1616 | D:1      | Reached XP level 4. HP: 19/24 MP: 1/11
  1718 | D:1      | Learned a level 4 spell: Sticky Flame
  2154 | D:3      | Found an opulent altar of Gozag.
  2155 | D:3      | Found a glowing silver altar of Zin.
  2347 | D:3      | Reached XP level 5. HP: 28/28 MP: 13/13
  2578 | D:3      | Found a blossoming altar of Fedhas.
  2589 | D:3      | Reached skill level 5 in Fire Magic
  3115 | D:2      | Found a glowing golden altar of the Shining One.
  3148 | D:2      | Killed Sigmund
  3148 | D:2      | Reached XP level 6. HP: 32/32 MP: 15/15
  3175 | D:2      | Found an oddly glowing altar of Pakellas.
  3175 | D:2      | Noticed a wolf spider
  3322 | D:4      | Reached skill level 5 in Spellcasting
  3326 | D:4      | Reached skill level 6 in Fire Magic
  3373 | D:4      | Found a shattered altar of Ashenzari.
  3675 | D:4      | Noticed a two-headed ogre
  3680 | D:4      | Killed a two-headed ogre
  3680 | D:4      | Reached skill level 5 in Conjurations
  3680 | D:4      | Reached XP level 7. HP: 36/36 MP: 17/17
  3755 | D:4      | Noticed Blork the orc
  3768 | D:4      | Killed Blork the orc
  3964 | D:4      | Noticed Duvessa
  3965 | D:4      | Reached skill level 7 in Fire Magic
  3968 | D:4      | Noticed Dowan
  3988 | D:4      | Killed Dowan
  3994 | D:4      | Killed Duvessa
  4110 | D:4      | Noticed Natasha
  4133 | D:4      | Killed Natasha
  4159 | D:4      | Found a stormy altar of Qazlal.
  4274 | D:4      | Noticed Natasha
  4277 | D:4      | Killed Natasha
  4277 | D:4      | Reached XP level 8. HP: 41/41 MP: 19/19
  4343 | D:5      | Entered Level 5 of the Dungeon
  4748 | D:5      | Learned a level 5 spell: Fireball
  4752 | D:5      | Learned a level 3 spell: Confuse
  4760 | D:5      | Found a white marble altar of Elyvilon.
  4778 | D:5      | Reached skill level 8 in Fire Magic
  4861 | D:5      | Reached skill level 1 in Hexes
  4958 | D:6      | Noticed Satanail's ghost (novice DrFi)
  5061 | D:6      | Found a staircase to the Ecumenical Temple.
  5069 | Temple   | Entered the Ecumenical Temple
  5104 | Temple   | Became a worshipper of Vehumet
  5125 | D:6      | Found a runed door.
  5131 | D:6      | Found a basalt altar of Yredelemnul.
  5288 | D:6      | Killed from afar by Satanail's ghost

Vault maps used:
D:1:      saegor_arrival_simple_f, nrook_loot_triangle
D:2:      lemuel_round_altar, gammafunk_pakellas_cloud_experiment, uniq_terence,
          uniq_robin, uniq_sigmund
D:3:      wad_woods_stonehenge, grunt_temple_overflow_gold_and_silver,
          first_bread
D:4:      ashenzari_altar_1, lemuel_doored_altar, uniq_natasha, uniq_duvessa,
          uniq_blork_the_orc
D:5:      elyvilon_altar_4
D:6:      minmay_temple_entry_butterflies, lightli_ossuary_entry_decrepit_ruins,
          dk_yredelemnul_ordeal, uniq_edmund
Temple:   triangle_lava_temple_11

Skill      XL: |  1  2  3  4  5  6  7  8 |
---------------+-------------------------+-----
Fire Magic     | 4 5 6 7 8 |  8.6
Conjurations   | 2 3 4 5 7 |  7.2
Spellcasting   | 4 5 6 7 |  7.8
Hexes          | 2 |  2.1
Dodging        | |  2.4
Stealth        | |  2.4

Action                   |  1- 3 |  4- 6 |  7- 9 || total
-------------------------+-------+-------+-------++-------
Melee: Staff             |       |    12 |     3 ||    15
       Scimitar          |       |       |    60 ||    60
 Cast: Flame Tongue      |    72 |    89 |    57 ||   218
       Conjure Flame     |     1 |     3 |     6 ||    10
       Sticky Flame      |       |     9 |    18 ||    27
       Fireball          |       |       |     6 ||     6
       Confuse           |       |       |     1 ||     1
Evoke: Wand              |       |       |     2 ||     2
  Use: Scroll            |       |     6 |     8 ||    14
  Eat: Chunk             |     2 |     9 |     5 ||    16
       Royal jelly       |       |       |     1 ||     1
Armor: Robe              |     6 |     6 |    22 ||    34
Dodge: Dodged            |    16 |    23 |    52 ||    91
